 Dungeon Crawl Stone Soup version 0.26.0-10-g1f06aea511 (webtiles) character file.

Game seed: 1935412069676787810

305590 inmateoo the Black Belt (level 21, -7/143 HPs)
             Began as a Vine Stalker Monk on Jan 15, 2021.
             Was the Champion of Cheibriados.
             Killed from afar by a deep elf annihilator (39 damage)
             ... with an iron shot
             ... on level 3 of the Elven Halls.
             The game lasted 00:41:22 (23504 turns).

inmateoo the Black Belt (Vine Stalker Monk)        Turns: 23504, Time: 00:41:23

Health: -7/143     AC: 36    Str: 31    XL:     21   Next: 82%
Magic:  0/49       EV: 23    Int: 28    God:    Cheibriados [******]
Gold:   1717       SH: 10    Dex: 40    Spells: 18/48 levels left

rFire    + . .     SeeInvis +     - Unarmed
rCold    + + .     Faith    .   j - +2 buckler {rN+}
rNeg     + + +     Spirit   +   (armour currently unavailable)
rPois    ∞         Reflect  .   R - +2 helmet {SInv}
rElec    +         Harm     .   P - +2 cloak {rPois}
rCorr    .         Rampage  .   (gloves currently unavailable)
Will     +++..                  (boots currently unavailable)
Stlth    +++.......             u - amulet of Otaow {rC+ rN+ Will+ Regen+ Stlth-}
HPRegen  1.53/turn              g - ring of protection from fire
MPRegen  0.31/turn              G - ring of the Pariah {+Inv rElec rC+ MP+9 Dex+3}

@: lethally poisoned (-7 -> -7), statue-form, very slow
A: fangs 3, regeneration 2, magic shield, antimagic bite, no potion heal 3
a: End Transformation, Renounce Religion, Evoke Invisibility, Bend Time,
Temporal Distortion, Slouch, Step From Time


You were on level 3 of the Elven Halls.
You worshipped Cheibriados.
Cheibriados was exalted by your worship.
You were a stone statue.
You visited 8 branches of the dungeon, and saw 36 of its levels.
You also visited: Gauntlet and Volcano.

You collected 3631 gold pieces.
You spent 1914 gold pieces at shops.

Inventory:

Missiles
 p - 13 curare-tipped darts (quivered)
Armour
 h - a +2 pair of gloves (melded)
 j - a +2 buckler of positive energy (worn)
 C - a +1 pair of boots (melded)
 F - a +3 plate armour of cold resistance (melded)
 P - a +2 cloak of poison resistance (worn)
 R - a +2 helmet of see invisible (worn)
Jewellery
 c - an uncursed ring of resist corrosion
 g - a ring of protection from fire (left hand)
 l - an uncursed ring of see invisible
 u - the amulet of Otaow (around neck) {rC+ rN+ Will+ Regen+ Stlth-}
   (You bought it in a shop on level 2 of the Orcish Mines)

   [amulet of regeneration]

   It protects you from cold.
   It protects you from negative energy.
   It affects your willpower, your defense against some magical effects.
   It increases your rate of regeneration.
   It makes you less stealthy.
 y - the amulet "Epreuf" {rC+++ Regen+ Str+4 Dex-3}
   (You took it off a deep elf mage on level 2 of the Elven Halls)

   [amulet of regeneration]

   It affects your strength (+4).
   It affects your dexterity (-3).
   It renders you almost immune to cold.
   It increases your rate of regeneration.
 G - the ring of the Pariah (right hand) {+Inv rElec rC+ MP+9 Dex+3}
   (You found it in a Gauntlet)

   [ring of magical power]

   It affects your dexterity (+3).
   It protects you from cold.
   It insulates you from electricity.
   It affects your magic capacity (+9).
   It lets you turn invisible.
 J - the ring of Birdsong {rElec rN+ Will+ Str+3 Int-2}
   (You found it on level 14 of the Dungeon)

   [ring of willpower]

   It affects your strength (+3).
   It affects your intelligence (-2).
   It insulates you from electricity.
   It protects you from negative energy.
   It affects your willpower, your defense against some magical effects.
Wands
 i - a wand of disintegration (15)
 q - a wand of acid (4)
 s - a wand of digging (6)
 w - a wand of paralysis (2)
 E - a wand of iceblast (10)
 K - a wand of flame (40)
 L - a wand of polymorph (16)
Scrolls
 k - 6 scrolls of remove curse
 o - 8 scrolls of enchant armour
 t - 9 scrolls of teleportation
 v - 5 scrolls of identify
 z - 3 scrolls of blinking
 A - 3 scrolls of amnesia
 B - a scroll of fog
 H - 2 scrolls of fear
Potions
 b - 4 potions of brilliance
 d - 7 potions of curing
 e - 9 potions of might
 f - 3 potions of lignification
 n - 5 potions of flight
 r - 2 potions of resistance
 x - 2 potions of mutation
 D - 4 potions of attraction
 O - a potion of ambrosia
Miscellaneous
 a - the horn of Geryon
 m - a box of beasts
 I - a lightning rod (4/4)
 M - a condenser vane (inert)
 Q - a phantom mirror


   Skills:
 + Level 11.8 Fighting
 - Level 10.0 Armour
 - Level 8.0 Dodging
 - Level 2.4 Stealth
 - Level 4.0 Shields
 + Level 16.3 Unarmed Combat
 - Level 14.0 Spellcasting
 - Level 3.0 Translocations
 - Level 14.0 Transmutations
 + Level 6.7 Fire Magic
 * Level 13.9 Earth Magic
 - Level 10.0 Invocations
 + Level 6.2 Evocations


You had 18 spell levels left.
You knew the following spells:

 Your Spells              Type           Power        Failure   Level
a - Statue Form           Tmut/Erth      52%          1%          6
b - Borgnjor's Vile Clut  Necr/Erth      28%          4%          5
c - Apportation           Tloc           72%          1%          1
d - Blink                 Tloc           N/A          1%          2
e - Beastly Appendage     Tmut           100%         0%          1
f - Wereblood             Tmut           78%          0%          2
g - Summon Forest         Summ/Tloc      14%          36%         5
h - Ignition              Fire           27%          100%        8

Your spell library contained the following spells:

 Spells                   Type           Power        Failure   Level
 Foxfire                  Conj/Fire      100%         1%          1
 Conjure Flame            Conj/Fire      38%          1%          3
 Ignite Poison            Fire/Tmut/Pois 55%          1%          3
 Inner Flame              Hex/Fire       38%          1%          3
 Spider Form              Tmut/Pois      28%          1%          3
 Stone Arrow              Conj/Erth      100%         1%          3
 Ice Form                 Ice/Tmut       56%          1%          4
 Blade Hands              Tmut           39%          1%          5
 Hydra Form               Tmut           39%          1%          6
 Animate Skeleton         Necr           38%          2%          1
 Corona                   Hex            21%          2%          1
 Magic Dart               Conj           76%          2%          1
 Shock                    Conj/Air       76%          2%          1
 Summon Small Mammal      Summ           76%          2%          1
 Call Imp                 Summ           19%          4%          2
 Corpse Rot               Necr/Air       N/A          4%          2
 Ensorcelled Hibernation  Hex/Ice        38%          4%          2
 Slow                     Hex            19%          4%          2
 Swiftness                Air            19%          4%          2
 Bolt of Magma            Conj/Fire/Erth 27%          4%          5
 Irradiate                Conj/Tmut      28%          4%          5
 Sticky Flame             Conj/Fire      38%          7%          4
 Dragon Form              Tmut           39%          7%          7
 Confusing Touch          Hex            19%          8%          3
 Dazzling Flash           Conj/Hex       38%          8%          3
 Mephitic Cloud           Conj/Pois/Air  19%          8%          3
 Static Discharge         Conj/Air       19%          8%          3
 Tukima's Dance           Hex            19%          8%          3
 Vampiric Draining        Necr           9%           8%          3
 Fireball                 Conj/Fire      19%          19%         5
 Eringya's Noxious Bog    Tmut/Pois      28%          22%         6
 Iron Shot                Conj/Erth      28%          24%         6
 Airstrike                Air            9%           26%         4
 Agony                    Necr           19%          58%         5
 Excruciating Wounds      Necr           9%           58%         5
 Iskenderun's Battlesphe  Conj           19%          58%         5
 Lightning Bolt           Conj/Air       9%           58%         5
 Starburst                Conj/Fire      19%          71%         6
 Simulacrum               Ice/Necr       9%           99%         6
 Orb of Destruction       Conj           9%           100%        7
 Spellforged Servitor     Conj/Summ      9%           100%        7
 Summon Hydra             Summ           9%           100%        7


Dungeon Overview and Level Annotations

Branches:
Dungeon (15/15)            Temple (1/1) D:5            Lair (6/6) D:11
 Shoals (0/4) Lair:2        Snake (0/4) Lair:3        Slime (0/5) Lair:6
    Orc (2/2) D:9             Elf (3/3) Orc:2        Vaults (0/5) D:14
 Depths (1/5) D:15           Hell (visited)             Geh (7/7) Hell
Volcano (visited)         Gauntlet (visited)
    Dis: Hell:1         Coc: Hell:1         Tar: Hell:1

Altars:
Ashenzari
Cheibriados
Gozag
Kikubaaqudgha
Nemelex Xobeh
Sif Muna
Trog
Uskayaw
Vehumet
Wu Jian
Xom
Jiyva

Shops:
D:6 ?   D:8 (   D:11 *   Orc:2 [=}((   Elf:2 :

Portals:
Hell: Depths:1
Pandemonium: Depths:1
Ziggurat: Depths:1

Annotations:
Depths:1 exclusion: orange crystal statue


Innate Abilities, Weirdness & Mutations

You have razor-sharp teeth.
You heal very quickly.
When hurt, damage is shared between your health and your magic reserves.
Your bite disrupts and absorbs the magic of your enemies.
Potions cannot restore your health.


Message History

* * * LOW HITPOINT WARNING * * *
The deep elf blademaster is engulfed in blazing flames.
You block the deep elf blademaster's attack.
The deep elf blademaster hits you with a +0 rapier.
* * * LOW HITPOINT WARNING * * *
The deep elf annihilator is engulfed in blazing flames.
You miss the deep elf blademaster. You bite the deep elf blademaster!
You drain its power.
You feel invigorated.
The deep elf blademaster is severely wounded.
The deep elf blademaster is engulfed in blazing flames.
You block the deep elf blademaster's attack.
The deep elf blademaster hits you but does no damage.
A deep elf elementalist comes into view.
It is wielding a +0 long sword of holy wrath.
The deep elf annihilator is engulfed in blazing flames.
The deep elf annihilator mumbles some strange words.
The deep elf annihilator blinks!
The deep elf annihilator is engulfed in blazing flames.
The deep elf annihilator casts a spell at you.
The iron shot hits you!!!
You die...

..## #..... .##
#...ee ## #....e #
#...e # #...## #
#.).## # #)○)## #
###(x.# # #8##)###
# #ee§§e.# #
#○§§§..# #
#§§§...# #
###§#### #
#########§# #
###........§# ##
##.#.#.#.#.#.###
.##
#..............###


You could see a deep elf blademaster, a deep elf annihilator (empowered) and a
deep elf elementalist (empowered, repels missiles).

Vanquished Creatures
  Saint Roka (Elf:2)
  Geryon (Hell)
  8 Brimstone Fiends
  A hellephant (Hell)
  2 liches (D:14)
  A deep elf blademaster (Elf:3)
  2 deep elf master archers (Elf:3)
  Frances (D:13)
  A tengu reaver (Depths:1)
  Kirke (Lair:4)
  2 shadow dragons (Elf:1)
  4 fire giants (Geh:7)
  A frost giant (D:15)
  A deep elf sorcerer (Elf:3)
  An orc warlord (Orc:1)
  An emperor scorpion (D:15)
  2 balrugs
  3 deep elf elementalists (Elf:3)
  5 reapers
  The ghost of Cofimnas the Cleaver, a journeyman FoFi of Okawaru (D:14)
  2 very ugly things (Depths:1)
  5 deep elf annihilators (Elf:3)
  5 stone giants
  The ghost of Laowois the Severer, a journeyman MiBe of Trog (D:14)
  A vampire knight (Depths:1)
  3 deep elf demonologists (Elf:3)
  An entropy weaver (Gauntlet)
  A minotaur (Gauntlet)
  6 ettins
  3 fire dragons
  2 yaktaur captains (Depths:1)
  3 deep elf death magi (Elf:3)
  Erolcha (D:13)
  A great orb of eyes (Depths:1)
  5 deep elf high priests
  5 hydras
  A quicksilver dragon skeleton (Geh:3)
  4 ice dragons
  A hell beast (Geh:4)
  5 boulder beetles
  3 catoblepae
  9 two-headed ogres
  4 centaur warriors
  27 dancing weapons
  A death yak (Lair:6)
  A deep troll shaman (D:15)
  4 tengu warriors
  10 hell hogs
  A deep troll earth mage (D:15)
  5 orc high priests (Orc:2)
  A queen ant (Gauntlet)
  23 hell knights
  19 deep elf knights
  2 storm dragon zombies
  An iron golem (Geh:1)
  A soul eater (Hell)
  4 sun demons
  A fire crab (Gauntlet)
  A small abomination (Elf:3)
  A titan skeleton (Hell)
  2 deep trolls (D:15)
  A ghost moth zombie (Geh:2)
  A gelid demonspawn (D:15)
  4 skeletal warriors (D:15)
  3 unseen horrors
  A torturous demonspawn (Depths:1)
  2 storm dragon skeletons (Hell)
  An anaconda zombie (Hell)
  An infernal demonspawn (D:15)
  A large abomination (Elf:3)
  A golden dragon skeleton (Geh:5)
  9 orc knights
  2 wizards
  2 shadow dragon zombies
  18 deep elf archers
  6 necromancers
  A lindwurm (Lair:6)
  An orb spider (shapeshifter) (D:15)
  22 ugly things
  53 deep elf magi
  A wolf spider zombie (Geh:5)
  A fire giant zombie (Geh:1)
  A shadow dragon skeleton (Geh:1)
  3 orc sorcerers
  The ghost of gruber the Tainter, a novice OpVM (D:5)
  A moth of wrath (shapeshifter) (D:12)
  2 cyclopes (D:11)
  3 centaur zombies
  4 rust devils (Hell)
  4 manticores
  A merfolk siren (Lair:2)
  5 smoke demons
  4 torpor snails
  Maurice (D:11)
  13 elephants
  2 iron dragon skeletons
  A fire giant skeleton (Geh:5)
  Maggie (Lair:1)
  6 gargoyles
  3 molten gargoyles
  2 orange demons (Hell)
  7 cane toads
  A red draconian zombie (Hell)
  2 rime drakes
  11 hellions
  7 komodo dragons
  2 yaktaurs
  10 efreet
  A dire elephant skeleton (Geh:5)
  3 tengu conjurers
  4 tormentors
  A freezing wraith (D:14)
  A catoblepas skeleton (Geh:2)
  7 ice devils (Hell)
  14 red devils
  The ghost of xxadam the Slasher, an amateur MiFi of Gozag (D:5)
  A hellwing (D:15)
  A jumping spider (Gauntlet)
  A queen bee (shapeshifter) (Elf:3)
  4 trolls
  3 hydra zombies
  6 meliai (D:14)
  Grinder (D:2)
  Prince Ribbit (Lair:2)
  A fire dragon zombie (Geh:1)
  4 hornets
  12 slime creatures
  The ghost of denisd0 the Chiller, an amateur OpIE (D:5)
  9 polar bears
  2 alligator zombies (Hell)
  2 dream sheep (Lair:6)
  28 blink frogs
  3 ettin zombies
  A stone giant simulacrum (Hell)
  An ettin skeleton (Geh:7)
  17 flying skulls
  A frost giant simulacrum (Hell)
  An ice dragon skeleton (Geh:3)
  A redback (Gauntlet)
  A centaur simulacrum (D:14)
  12 spriggans (Lair:6)
  8 water elementals
  14 wraiths
  58 yaks
  3 air elementals
  5 wyverns
  6 basilisks
  11 shadows
  2 steam dragons
  3 hogs (Lair:4)
  20 fire elementals
  Eustachio (D:3)
  11 fire bats
  A black mamba skeleton (Geh:3)
  2 humans (Lair:4)
  Grum (D:11)
  4 nagas (Lair:3)
  Edmund (D:5)
  3 wargs (D:11)
  3 soldier ants (Gauntlet)
  A cane toad zombie (Geh:1)
  A soldier ant (shapeshifter) (Elf:3)
  14 water moccasins
  Duvessa (D:6)
  24 hell hounds
  2 cane toad skeletons
  4 sky beasts
  7 ice beasts
  46 orc warriors
  5 black bears
  2 phantoms
  A swamp dragon zombie (Geh:1)
  2 necrophages (Geh:1)
  8 ogres
  An eye of draining (D:11)
  A manticore skeleton (Geh:2)
  5 boggarts (Lair:6)
  A swamp dragon skeleton (Geh:3)
  46 wolves
  25 centaurs
  3 big kobolds
  13 bullfrogs
  2 wyvern zombies (D:13)
  A gnoll sergeant (D:7)
  7 earth elementals
  Dowan (D:6)
  A scorpion (D:9)
  3 wyvern skeletons
  5 killer bees (D:13)
  A vampire bat (D:12)
  21 wights
  6 lava snakes (Volcano)
  A howler monkey (D:5)
  2 crimson imps
  3 bullfrog zombies
  3 quasits
  8 hounds
  5 jellies
  2 bullfrog skeletons (D:5)
  34 orc priests
  34 orc wizards
  3 iron imps (Hell)
  8 centaur skeletons
  3 iguanas
  Terence (D:3)
  15 worker ants
  2 hound skeletons
  A howler monkey zombie (D:7)
  A worker ant zombie (D:6)
  16 adders
  3 gnolls (D:7)
  A shadow imp (D:5)
  3 white imps
  2 ufetubi
  2 oozes
  An adder zombie (D:5)
  4 worms
  5 dart slugs
  6 leopard geckos
  123 orcs
  9 bats
  5 giant cockroaches
  4 goblins
  5 hobgoblins
  8 jackals
  6 quokkas
  A ball python (D:2)
  5 frilled lizards
  A jackal zombie (D:7)
  16 kobolds
  A leopard gecko zombie (D:5)
  4 rats
  A crawling corpse (Elf:3)
1370 creatures vanquished.

Vanquished Creatures (others)
  A lich (D:14)
  A quicksilver dragon skeleton (Geh:2)
  A red devil (Geh:4)
  A shadow (Geh:2)
  A wraith (Geh:2)
  2 humans (Lair:4)
  A necrophage (Geh:4)
  A snapping turtle skeleton (Geh:4)
  3 wights
  4 orcs
  A kobold (D:3)
  28 fungi
  25 plants
70 creatures vanquished.

Grand Total: 1440 creatures vanquished

Notes
Turn   | Place    | Note
-------+----------+-------------------------------------------
     0 | D:1      | inmateoo the Vine Stalker Monk began the quest for the Orb.
     0 | D:1      | Reached XP level 1. HP: 11/11 MP: 2/2
   115 | D:1      | Found a broken altar of Ashenzari.
   136 | D:1      | Reached XP level 2. HP: 16/16 MP: 3/3
   779 | D:2      | Reached XP level 3. HP: 13/19 MP: 4/4
  1162 | D:2      | Noticed a sky beast
  1193 | D:2      | Killed a sky beast
  1194 | D:2      | Reached skill level 1 in Armour
  1194 | D:2      | Reached skill level 1 in Shields
  1194 | D:2      | Reached skill level 4 in Unarmed Combat
  1194 | D:2      | Gained mutation: Your natural rate of healing is unusually
                  | fast. [Vine Stalker growth]
  1194 | D:2      | Reached XP level 4. HP: 24/24 MP: 5/5
  1194 | D:2      | Reached XP level 5. HP: 28/28 MP: 6/6
  1304 | D:3      | Noticed Grinder
  1350 | D:3      | Noticed an orc warrior
  1372 | D:2      | Paralysed by Grinder for 3 turns
  1395 | D:2      | Paralysed by Grinder for 4 turns
  1405 | D:2      | Killed Grinder
  1406 | D:2      | Reached XP level 6. HP: 11/32 MP: 4/7
  1577 | D:3      | Reached skill level 5 in Unarmed Combat
  1643 | D:3      | Learned a level 1 spell: Beastly Appendage
  1646 | D:3      | Learned a level 2 spell: Wereblood
  1661 | D:3      | Found a radiant altar of Vehumet.
  1666 | D:3      | Reached XP level 7. HP: 37/37 MP: 8/8
  1707 | D:3      | Noticed Terence
  1719 | D:3      | Killed Terence
  2069 | D:4      | Reached skill level 1 in Transmutations
  2105 | D:4      | Found an opulent altar of Gozag.
  2169 | D:4      | Reached skill level 1 in Spellcasting
  2353 | D:4      | Noticed Eustachio
  2366 | D:3      | Killed Eustachio
  2367 | D:3      | Gained mutation: You have razor-sharp teeth. [Vine Stalker
                  | growth]
  2367 | D:3      | Reached XP level 8. HP: 34/42 MP: 9/11
  2810 | D:5      | Entered Level 5 of the Dungeon
  2848 | D:5      | Noticed Edmund
  2869 | D:5      | Killed Edmund
  2870 | D:5      | Reached skill level 6 in Unarmed Combat
  2972 | D:5      | Found a runed translucent gate.
  2972 | D:5      | Found a runed translucent gate.
  2973 | D:5      | Found a runed translucent gate.
  2974 | D:5      | Noticed xxadam's ghost (amateur MiFi)
  2974 | D:5      | Noticed denisd0's ghost (amateur OpIE)
  2974 | D:5      | Noticed gruber's ghost (novice OpVM)
  3394 | D:5      | Found a staircase to the Ecumenical Temple.
  3401 | Temple   | Entered the Ecumenical Temple
  3421 | Temple   | Became a worshipper of Cheibriados the Contemplative
  3421 | Temple   | Reached * piety under Cheibriados
  3421 | Temple   | Reached ** piety under Cheibriados
  3700 | D:5      | Killed gruber's ghost
  3701 | D:5      | Reached XP level 9. HP: 20/46 MP: 7/14
  3706 | D:5      | Killed denisd0's ghost
  3707 | D:5      | Reached skill level 5 in Fighting
  3707 | D:5      | Reached skill level 7 in Unarmed Combat
  3714 | D:5      | Killed xxadam's ghost
  3899 | D:6      | Noticed Duvessa
  3899 | D:6      | Noticed Dowan
  3905 | D:6      | Killed Duvessa
  3912 | D:6      | Killed Dowan
  4150 | D:6      | Found a shimmering blue altar of Sif Muna.
  4384 | D:6      | Found a shimmering altar of Xom.
  4464 | D:6      | Found Dehag's Magic Scroll Shop.
  4472 | D:6      | Bought a scroll of blinking for 112 gold pieces
  4472 | D:6      | Bought a scroll of blinking for 112 gold pieces
  4472 | D:6      | Bought a scroll of teleportation for 45 gold pieces
  4472 | D:6      | Bought a scroll of identify for 30 gold pieces
  4472 | D:6      | Bought a scroll of amnesia for 52 gold pieces
  4472 | D:6      | Bought a scroll of fog for 30 gold pieces
  4571 | D:7      | Reached skill level 8 in Unarmed Combat
  4608 | D:7      | Learned a level 1 spell: Apportation
  4611 | D:7      | Learned a level 2 spell: Blink
  4749 | D:7      | Reached *** piety under Cheibriados
  4812 | D:7      | Reached XP level 10. HP: 48/53 MP: 13/17
  5527 | D:8      | Found Romer's Antique Weapon Shoppe.
  5734 | D:9      | Reached **** piety under Cheibriados
  5763 | D:9      | Noticed a two-headed ogre
  5769 | D:9      | Killed a two-headed ogre
  5770 | D:9      | Reached skill level 9 in Unarmed Combat
  5770 | D:9      | Reached skill level 5 in Spellcasting
  5770 | D:9      | Reached skill level 5 in Transmutations
  5885 | D:9      | Found a sparkling altar of Nemelex Xobeh.
  5988 | D:9      | Found a staircase to the Orcish Mines.
  6001 | D:9      | Reached skill level 1 in Invocations
  6006 | D:9      | Reached skill level 1 in Translocations
  6011 | D:9      | Reached skill level 1 in Evocations
  6162 | D:9      | Found a bloodstained altar of Trog.
  6170 | D:9      | Found an opulent altar of Gozag.
  6180 | D:9      | Found a broken altar of Ashenzari.
  6311 | D:9      | Found a shimmering altar of Xom.
  6509 | D:10     | Entered Level 10 of the Dungeon
  6593 | D:10     | Reached skill level 10 in Unarmed Combat
  6601 | D:10     | Reached XP level 11. HP: 37/58 MP: 19/19
  6611 | D:10     | Reached ***** piety under Cheibriados
  6701 | D:10     | Noticed a red ugly thing
  6711 | D:10     | Killed a red ugly thing
  7054 | D:10     | Found a viscous altar of Jiyva.
  7223 | D:11     | Noticed a cyclops
  7236 | D:11     | Killed a cyclops
  7292 | D:11     | Noticed a cyclops
  7300 | D:11     | Killed a cyclops
  7311 | D:11     | Noticed a two-headed ogre
  7328 | D:11     | Killed a two-headed ogre
  7361 | D:11     | Found Jyseo's Assorted Antiques.
  7370 | D:11     | Bought a viscous amethyst potion for 28 gold pieces
  7370 | D:11     | Bought a glowing helmet for 240 gold pieces
  7370 | D:11     | Bought a scroll of identify for 64 gold pieces
  7505 | D:11     | Noticed Grum
  7516 | D:11     | Killed Grum
  7547 | D:11     | Noticed Maurice
  7558 | D:11     | Killed Maurice
  7559 | D:11     | Reached skill level 5 in Dodging
  7559 | D:11     | Gained mutation: You heal very quickly. [Vine Stalker
                  | growth]
  7559 | D:11     | Reached XP level 12. HP: 63/63 MP: 22/22
  7567 | D:11     | Reached ****** piety under Cheibriados
  7595 | D:11     | Found a snail-covered altar of Cheibriados.
  7625 | D:11     | Reached skill level 11 in Unarmed Combat
  7644 | D:11     | Noticed a boulder beetle
  7676 | D:10     | Killed a boulder beetle
  7705 | D:11     | Found a staircase to the Lair.
  8191 | D:12     | Noticed a five-headed hydra
  8200 | D:12     | Killed a five-headed hydra
  8271 | D:12     | Noticed a two-headed ogre
  8276 | D:12     | Paralysed by a hornet for 2 turns
  8283 | D:12     | Killed a two-headed ogre
  8553 | D:12     | Reached skill level 5 in Armour
  8704 | D:13     | Noticed a tengu warrior
  8707 | D:13     | Noticed a tengu warrior
  8715 | D:13     | Killed a tengu warrior
  8727 | D:13     | Killed a tengu warrior
  8749 | D:13     | Found a transporter.
  8749 | D:13     | Found a transporter.
  8749 | D:13     | Noticed a boulder beetle
  8749 | D:13     | Noticed a boulder beetle
  8923 | D:13     | Noticed Erolcha
  8933 | D:13     | Killed Erolcha
  8934 | D:13     | Reached skill level 5 in Invocations
  9002 | D:13     | Noticed a boulder beetle
  9014 | D:13     | Killed a boulder beetle
  9015 | D:13     | Reached XP level 13. HP: 55/69 MP: 25/25
  9020 | D:13     | Reached skill level 12 in Unarmed Combat
  9338 | D:13     | Noticed Frances
  9353 | D:13     | Killed Frances
  9730 | D:13     | Identified a scroll of acquirement
  9730 | D:13     | Acquired a book of Transfigurations
  9739 | D:13     | Learned a level 6 spell: Statue Form
  9868 | D:13     | Reached skill level 1 in Earth Magic
 10019 | D:14     | Found a gate to the Vaults.
 10097 | D:14     | Found a runed translucent gate.
 10097 | D:14     | Found a runed translucent gate.
 10097 | D:14     | Found a runed translucent gate.
 10098 | D:14     | Found an ancient bone altar of Kikubaaqudgha.
 10098 | D:14     | Noticed Laowois's ghost (journeyman MiBe)
 10098 | D:14     | Noticed Cofimnas's ghost (journeyman FoFi)
 10098 | D:14     | Noticed a lich
 10098 | D:14     | Noticed a lich
 10098 | D:14     | Noticed a lich
 10224 | D:14     | Reached XP level 14. HP: 50/75 MP: 25/27
 10226 | D:14     | Reached skill level 13 in Unarmed Combat
 10434 | D:14     | Killed a lich
 10435 | D:14     | Killed a lich
 10438 | D:14     | Killed a lich
 10444 | D:14     | Killed Laowois's ghost
 10449 | D:14     | Killed Cofimnas's ghost
 10476 | D:14     | Identified Kikubaaqudgha's Guide on Unholy Rituals
 10481 | D:14     | Got a pair of brightly glowing gloves
 10487 | D:14     | Got a fine marble ring
 10501 | D:14     | Identified the +4 pair of gloves "Nonneq" {*Corrode +Blink
                  | rPois Str+4} (You found it on level 14 of the Dungeon)
 10512 | D:14     | Identified the ring of Birdsong {rElec rN+ Will+ Str+3
                  | Int-2} (You found it on level 14 of the Dungeon)
 10551 | D:15     | Entered Level 15 of the Dungeon
 10665 | D:15     | Got a fine garnet amulet
 10737 | D:15     | Identified the amulet "Ytilamuroink" {Reflect Dex+3 SH+5}
                  | (You found it on level 15 of the Dungeon)
 11091 | D:15     | Found a staircase to the Depths.
 11091 | D:15     | Noticed an emperor scorpion
 11104 | D:15     | Killed an emperor scorpion
 11471 | Lair:1   | Entered Level 1 of the Lair of Beasts
 11648 | Lair:1   | Found a dark tunnel.
 11661 | Volcano  | Entered a volcano
 11703 | Volcano  | Reached XP level 15. HP: 74/80 MP: 25/29
 11777 | Volcano  | Found a bloodstained altar of Trog.
 11782 | Volcano  | Reached skill level 14 in Unarmed Combat
 11845 | Volcano  | Found a radiant altar of Vehumet.
 11961 | Lair:1   | Noticed Maggie
 11968 | Lair:1   | Killed Maggie
 12033 | Lair:1   | Reached skill level 10 in Fighting
 12045 | Lair:1   | Reached skill level 5 in Earth Magic
 12196 | Lair:1   | Found a snail-covered altar of Cheibriados.
 12608 | Lair:2   | Noticed Prince Ribbit
 12619 | Lair:2   | Killed Prince Ribbit
 12825 | Lair:2   | Identified the Catalogue of Battle Magic
 13043 | Lair:2   | Found a staircase to the Shoals.
 13503 | Lair:3   | Found a staircase to the Snake Pit.
 13767 | Lair:4   | Noticed Kirke
 13779 | Lair:4   | Killed Kirke
 13782 | Lair:4   | Found a hide-covered altar of Uskayaw.
 13815 | Lair:4   | Found an ornate altar of the Wu Jian Council.
 14620 | Lair:5   | Found a gate leading to a gauntlet.
 14632 | Gauntlet | Entered a Gauntlet
 14632 | Gauntlet | Found a transporter.
 14632 | Gauntlet | Found a transporter.
 14632 | Gauntlet | Found a transporter.
 14642 | Gauntlet | Found a transporter.
 14645 | Gauntlet | Found a transporter.
 14653 | Gauntlet | Found a transporter.
 14659 | Gauntlet | Found a transporter.
 14664 | Gauntlet | Found a transporter.
 14682 | Gauntlet | Found a transporter.
 14687 | Gauntlet | Found a transporter.
 14690 | Gauntlet | Found a transporter.
 14700 | Gauntlet | Found a transporter.
 14866 | Gauntlet | Reached skill level 10 in Spellcasting
 14866 | Gauntlet | Reached skill level 10 in Transmutations
 14876 | Gauntlet | Got a steaming helmet
 14887 | Gauntlet | Identified the cursed +0 helmet of Leapfrog {Rampage +Fly
                  | Str-5} (You found it in a Gauntlet)
 14913 | Gauntlet | Identified the +0 tower shield "Xefukkiten" {*Corrode
                  | +Blink rPois}
 14988 | Gauntlet | Got a shimmering marble ring
 15010 | Lair:5   | Identified the ring of the Pariah {+Inv rElec rC+ MP+9
                  | Dex+3} (You found it in a Gauntlet)
 15089 | Lair:5   | Acquired a scarf of resistance
 15463 | Lair:5   | You fall into a shaft and drop 1 floor!
 15463 | Lair:6   | Entered Level 6 of the Lair of Beasts
 15509 | Lair:6   | Reached XP level 16. HP: 85/85 MP: 31/31
 15551 | Lair:6   | Reached skill level 15 in Unarmed Combat
 16038 | Lair:6   | Reached skill level 10 in Invocations
 16455 | Lair:6   | Found a staircase to the Slime Pits.
 16456 | Lair:6   | Found a viscous altar of Jiyva.
 17008 | Depths:1 | Entered Level 1 of the Depths
 17267 | D:15     | Reached skill level 10 in Earth Magic
 17384 | Depths:1 | Noticed a tengu reaver
 17391 | Depths:1 | Killed a tengu reaver
 17398 | Depths:1 | Found a one-way gate leading to the halls of Pandemonium.
 17459 | Depths:1 | Reached XP level 17. HP: 27/89 MP: 4/32
 17553 | Depths:1 | Learned a level 5 spell: Borgnjor's Vile Clutch
 17559 | Depths:1 | Learned a level 5 spell: Summon Forest
 17596 | Depths:1 | Found a gateway to a ziggurat.
 17849 | Depths:1 | Found a gateway to Hell.
 18063 | Hell     | Entered the Vestibule of Hell
 18063 | Hell     | Noticed Geryon
 18074 | Hell     | Noticed a hellephant
 18083 | Hell     | Killed Geryon
 18090 | Hell     | Killed a hellephant
 18244 | Hell     | Reached XP level 18. HP: 87/95 MP: 34/34
 18326 | Hell     | Found a gateway to the ashen valley of Gehenna.
 18346 | Geh:1    | Entered Level 1 of Gehenna
 18346 | Geh:1    | Found a gateway to Hell.
 18461 | Geh:2    | Found a gateway to Hell.
 18518 | Geh:1    | Noticed a Brimstone Fiend
 18523 | Geh:1    | Killed a Brimstone Fiend
 18563 | Geh:2    | Found a gateway to Hell.
 18574 | Geh:2    | Found a gateway to Hell.
 18580 | Geh:2    | Noticed a Brimstone Fiend
 18583 | Geh:2    | Killed a Brimstone Fiend
 18611 | Geh:2    | Noticed a Brimstone Fiend
 18612 | Geh:3    | Found a gateway to Hell.
 18643 | Geh:3    | You fall into a shaft and drop 1 floor!
 18643 | Geh:4    | Found a gateway to Hell.
 18674 | Geh:4    | Noticed a bone dragon
 18719 | Geh:1    | Noticed a Brimstone Fiend
 18722 | Geh:1    | Killed a Brimstone Fiend
 18741 | Geh:2    | Found a gateway to Hell.
 18756 | Geh:2    | Killed a Brimstone Fiend
 18794 | Geh:3    | Noticed a Brimstone Fiend
 18805 | Geh:3    | Killed a Brimstone Fiend
 18829 | Geh:3    | Noticed a Brimstone Fiend
 18832 | Geh:3    | Killed a Brimstone Fiend
 18864 | Geh:3    | You fall into a shaft and drop 2 floors!
 18865 | Geh:5    | Found a gateway to Hell.
 18874 | Geh:5    | Noticed a Brimstone Fiend
 18878 | Geh:5    | Killed a Brimstone Fiend
 18931 | Geh:5    | Noticed a Brimstone Fiend
 18933 | Geh:5    | Killed a Brimstone Fiend
 18934 | Geh:5    | Reached XP level 19. HP: 100/100 MP: 36/36
 18947 | Geh:5    | Found a gateway to Hell.
 19022 | Geh:6    | Found a gateway to Hell.
 19029 | Geh:7    | Entered Level 7 of Gehenna
 19029 | Geh:7    | Found a gateway to Hell.
 19029 | Geh:7    | Found a gateway to Hell.
 19029 | Geh:7    | Found a gateway to Hell.
 19029 | Geh:7    | Found a gateway to Hell.
 19267 | D:11     | Learned a level 8 spell: Ignition
 19316 | Orc:1    | Entered Level 1 of the Orcish Mines
 19388 | Orc:2    | Entered Level 2 of the Orcish Mines
 20073 | Orc:2    | Found a staircase to the Elven Halls.
 20274 | Orc:2    | Reached skill level 1 in Fire Magic
 20298 | Orc:2    | Found Jeko's Gadget Emporium.
 20298 | Orc:2    | Found Bidd's Jewellery Emporium.
 20299 | Orc:2    | Found Tuenun's Antique Weapon Emporium.
 20299 | Orc:2    | Found Hibby's Weapon Shoppe.
 20306 | Orc:2    | Bought a box of beasts for 520 gold pieces
 20310 | Orc:2    | Bought the amulet of Otaow {rC+ rN+ Will+ Regen+ Stlth-}
                  | for 681 gold pieces
 20374 | Orc:2    | Found Liossah's Antique Armour Boutique.
 21226 | Elf:1    | Entered Level 1 of the Elven Halls
 21276 | Elf:1    | Reached skill level 5 in Evocations
 21419 | Elf:1    | Reached skill level 16 in Unarmed Combat
 21440 | Elf:1    | Found a runed translucent gate.
 21440 | Elf:1    | Found a runed translucent gate.
 21440 | Elf:1    | Found a runed translucent gate.
 21440 | Elf:1    | Found a runed translucent gate.
 21440 | Elf:1    | Found a runed translucent gate.
 21488 | Elf:1    | Found a runed translucent gate.
 21626 | Elf:1    | Reached XP level 20. HP: 105/105 MP: 38/38
 21930 | Elf:2    | Reached skill level 5 in Fire Magic
 21930 | Elf:2    | Reached XP level 21. HP: 109/109 MP: 39/39
 21964 | Elf:2    | Noticed Saint Roka
 21978 | Elf:2    | Killed Saint Roka
 22218 | Elf:2    | Found Othry's One-of-a-Kind Books.
 22219 | Elf:2    | Identified the amulet "Epreuf" {rC+++ Regen+ Str+4 Dex-3}
 22300 | Elf:2    | Found a huge runed translucent gate.
 22300 | Elf:2    | Found a huge runed translucent gate.
 22300 | Elf:2    | Found a huge runed translucent gate.
 22300 | Elf:2    | Found a huge runed translucent gate.
 22300 | Elf:2    | Found a huge runed translucent gate.
 22739 | Elf:2    | Reached skill level 10 in Armour
 22872 | Elf:3    | Entered Level 3 of the Elven Halls
 23504 | Elf:3    | Killed from afar by a deep elf annihilator

Illustrated notes

Levels and vault maps discovered:
D:1:      tarquinn_simple_flora_water_e, layout_loops_ring, minivault_27,
          evilmike_ruin_ashenzari
D:2:      minmay_door_path, layout_rooms, kennysheep_generic_room_9
D:3:      layout_rooms, fiery_altar_vehumet, chequers_garden, uniq_grinder,
          uniq_terence
D:4:      layout_basic, nicolae_gozag_seed_capital, uniq_eustachio
D:5:      layout_basic, minmay_temple_entry_fiery, gammafunk_ghost_cemetery,
          uniq_edmund
D:6:      layout_loops_cross, old_standard_altar, basic_altar, serial_shops,
          shop, uniq_duvessa
D:7:      layout_loops_ring, kennysheep_cross_room
D:8:      layout_basic, serial_shops, nicolae_shop_trees
D:9:      layout_basic, nicolae_overflow_hidden_temple,
          nicolae_overflow_quartered_altars, david_orc_2, serial_park_tiny_1
D:10:     layout_long_grid, jiyva_altar_1
D:11:     layout_loops_ring, erik_lair_orcish_takeover, basic_altar,
          serial_shops, nicolae_shop_competitors_out_of_business, uniq_maurice,
          uniq_grum
D:12:     layout_basic, roderic_batcave
D:13:     gammafunk_boulding_lane, layout_layer_cave, uniq_frances, uniq_erolcha
D:14:     layout_rooms, erik_vaults_1, gammafunk_ghost_crypt
D:15:     hangedman_depths_entry_try_elsewhere_first, layout_small_grid,
          moated_statue
Temple:   regret_index_temple_generic_petals
Lair:1:   layout_regular_city, nicolae_volcano_entry_batcave,
          kennysheep_snail_temple, grunt_megastairs_4, uniq_maggie
Lair:2:   layout_regular_city, minmay_shoals_entry_lonely_mermaid,
          lemuel_fruit_tree, uniq_prince_ribbit2
Lair:3:   layout_cave_shapes, minmay_snake_entry_guardpost_small,
          chequers_serial_rivers_small_b, grunt_megastairs_5
Lair:4:   layout_regular_city, nzn_masters_of_martial_movement,
          infiniplex_staircase_pool, uniq_kirke
Lair:5:   layout_regular_city, gauntlet_entry_generic, minivault_11
Lair:6:   minmay_lair_end_enchanted_forest, layout_cave_pods, slime_altar_1,
          grunt_megastairs_1
Orc:1:    cheibrodos_orc_arena, layout_diamond_mine,
          portal_ice_cave_entry_animals_and_master
Orc:2:    st_orc_pillars, layout_caves, serial_shops, shop
Elf:1:    hangedman_cross_stitches, layout_rooms, orc_legates
Elf:2:    layout_geoelf_diagonals, nicolae_rare_books, st_stairs_1,
          uniq_saint_roka
Elf:3:    grunt_elf_hall_asides, layout_geoelf_diagonals, eino_tiny_chamber,
          st_stairs_11
Depths:1: layout_cave_pools, enter_ziggurat_c, hell_entry,
          rand_demon_pan_entry_3, kennysheep_path_1, minivault_16,
          serial_bayou_ford_a, amcnicky_mini_corridor_feature
Hell
Geh:1:    layout_gehenna_pools_box
Geh:2:    layout_gehenna_pools_triple
Geh:3:    layout_gehenna_lava_caves
Geh:4:    layout_gehenna_pools_box
Geh:5:    layout_gehenna_lava_caves
Geh:6:    layout_gehenna_pools_basic, nicolae_geh_sunburst, lemuel_elevator
Geh:7:    evilmike_geh

Skill      XL: |  1  2  3  4  5  6  7  8  9 10 11 12 13 14 15 16 17 18 19 20 21 |
---------------+----------------------------------------------------------------+-----
Fighting       | 3 4 5 7 8 9 10 11 | 11.8
Armour         | 1 2 3 4 5 6 7 8 9 10 | 10.0
Dodging        | 3 4 5 6 7 8 |  8.0
Shields        | 1 2 3 4 |  4.0
Unarmed Combat | 4 5 6 8 10 11 12 13 14 15 16 | 16.3
Transmutations | 1 2 4 5 6 7 8 9 10 11 12 13 14 | 14.0
Spellcasting   | 1 2 4 5 6 7 8 9 10 11 12 13 14 | 14.0
Invocations    | 1 3 5 6 7 8 10 | 10.0
Translocations | 1 3 |  3.0
Evocations     | 1 3 4 5 6 |  6.2
Earth Magic    | 2 4 6 10 11 12 13 | 13.9
Fire Magic     | 2 5 6 |  6.7
Stealth        | |  2.4

Action                   |  1- 3 |  4- 6 |  7- 9 | 10-12 | 13-15 | 16-18 | 19-21 || total
-------------------------+-------+-------+-------+-------+-------+-------+-------++-------
Melee: Unarmed           |   136 |    95 |   380 |   660 |   892 |   840 |   684 ||  3687
       Bite              |    39 |    33 |   145 |   421 |   569 |   469 |   296 ||  1972
Throw: Dart              |       |     2 |     8 |       |       |       |       ||    10
 Cast: Statue Form       |       |       |       |       |       |    34 |    35 ||    69
       Borgnjor's Vile C |       |       |       |       |       |    17 |     3 ||    20
       Blink             |       |       |       |       |       |     1 |     2 ||     3
Invok: Slouch            |       |       |       |     1 |     7 |    10 |     1 ||    19
Evoke: Wand              |       |       |       |     1 |     7 |       |       ||     8
       Condenser vane    |       |       |       |       |     1 |     2 |     4 ||     7
  Use: Scroll            |     7 |       |    12 |     6 |    13 |     4 |     3 ||    45
       Potion            |       |       |     3 |       |     3 |     1 |     1 ||     8
 Stab: Sleeping          |     1 |       |       |       |       |     3 |     6 ||    10
       Confused          |       |       |       |       |     7 |     7 |       ||    14
       Petrified         |       |       |       |       |     2 |       |       ||     2
Armor: Robe              |     3 |       |       |       |       |       |       ||     3
       Plate armour      |    92 |    40 |   264 |   311 |   464 |   165 |    49 ||  1385
       Skin              |       |       |    13 |       |    15 |   555 |   268 ||   851
Dodge: Dodged            |    20 |    15 |    88 |   317 |   579 |  1168 |   634 ||  2821
Block: Buckler           |    10 |    15 |    77 |   253 |   389 |   790 |   443 ||  1977
